 Dungeon Crawl Stone Soup version 0.28-a0-938-gbc3f381ebc (webtiles) character file.

Game seed: 5361453892866773742

1906 Decritt the Fighter (level 8, -7/74 HPs)
             Began as a Minotaur Fighter on Nov 28, 2021.
             Was an Initiate of Gozag.
             Mangled by Duvessa (8 damage)
             ... on level 6 of the Dungeon.
             The game lasted 00:12:32 (6318 turns).

Decritt the Fighter (Minotaur Fighter)              Turns: 6318, Time: 00:12:32

Health: -7/74      AC:  8    Str: 22    XL:     8   Next: 94%
Magic:  2/2        EV:  9    Int:  5    God:    Gozag
Gold:   413        SH: 14    Dex: 11    Spells: 7/7 levels left

rFire   . . .      SeeInvis .   m - +2 broad axe (antimagic)
rCold   . . .      Faith    .   h - +0 kite shield
rNeg    . . .      Spirit   .   b - +1 scale mail
rPois   .          Reflect  +   (helmet restricted)
rElec   .          Harm     .   (no cloak)
rCorr   .          Rampage  .   (no gloves)
Will    .....                   (no boots)
Stlth   ..........              q - amulet of reflection
HPRegen 0.22/turn               (no ring)
MPRegen 0.08/turn               (no ring)

@: mighty
A: horns 2, retaliatory headbutt
a: Renounce Religion, Potion Petition, Call Merchant, Bribe Branch


You were on level 6 of the Dungeon.
You worshipped Gozag.
Gozag was aware of your devotion.
You visited 2 branches of the dungeon, and saw 7 of its levels.

You collected 479 gold pieces.
You paid 66 gold pieces to Gozag.

Inventory:

Hand Weapons
 m - a +2 antimagic broad axe (weapon)
Missiles
 n - 29 poisoned darts (quivered)
Armour
 b - a +1 scale mail (worn)
 h - a +0 kite shield (worn)
Jewellery
 q - an amulet of reflection (around neck)
Wands
 l - a wand of digging (7)
 p - a wand of mindburst (13)
Scrolls
 f - a scroll of immolation {unknown}
 g - a scroll of brand weapon {unknown}
Potions
 e - 2 potions of cancellation
 o - 2 potions of flight {unknown}


   Skills:
 * Level 8.2 Fighting
 * Level 7.7 Axes
 + Level 2.6 Throwing
 + Level 6.2 Armour
 + Level 4.0 Dodging
 + Level 6.1 Shields


You had 7 spell levels left.
You didn't know any spells.
Your spell library contained the following spells:

 Spells                   Type           Power      Damage    Failure   Level
 Animate Skeleton         Necr           0%         N/A       99%         1
 Apportation              Tloc           0%         N/A       99%         1
 Shock                    Conj/Air       0%         1d3       99%         1
 Summon Small Mammal      Summ           0%         N/A       99%         1
 Static Discharge         Conj/Air       0%         N/A       99%         2
 Conjure Flame            Conj/Fire      0%         6-21      100%        3
 Dazzling Flash           Conj/Hex       0%         N/A       100%        3
 Ignite Poison            Fire/Tmut/Pois 0%         N/A       100%        3
 Swiftness                Air            0%         N/A       100%        3
 Airstrike                Air            0%         N/A       100%        4
 Dispel Undead            Necr           0%         3d6       100%        4
 Sticky Flame             Conj/Fire      0%         2d3       100%        4
 Agony                    Necr           0%         N/A       100%        5
 Silence                  Hex/Air        0%         N/A       100%        5


Dungeon Overview and Level Annotations

Branches:
Dungeon (6/15)             Temple (1/1) D:5

Altars:
Ashenzari
Dithmenos
Fedhas
Gozag
Hepliaklqana
Makhleb
Nemelex Xobeh
Okawaru
Qazlal
Ru
Sif Muna
Trog
Wu Jian
Xom
Yredelemnul
Zin
The Shining One

Shops:
D:2 [

Annotations:
D:4 2 transporters, GenialerGandalf's ghost, amateur OpFi
D:6 3 runed translucent doors, Duvessa; bgiannan's ghost, novice MiFi


Innate Abilities, Weirdness & Mutations

You have a pair of horns on your head.
You reflexively headbutt those who attack you in melee.


Message History

You closely miss the bullfrog. You barely miss the iguana.
You block the bullfrog's attack. Duvessa hits you with a +0 short sword!
* * * LOW HITPOINT WARNING * * *
The iguana barely misses you. The bullfrog closely misses you.
You block Duvessa's attack. The iguana completely misses you.
You furiously retaliate!
You headbutt the iguana! You barely miss Duvessa.
Duvessa is heavily wounded.
You completely miss the iguana. You closely miss the bullfrog.
You block the bullfrog's attack. Duvessa closely misses you.
The bullfrog closely misses you. You furiously retaliate!
You headbutt the bullfrog!
You kill the bullfrog!
Duvessa hits you with a +0 short sword!
* * * LOW HITPOINT WARNING * * *
The iguana bites you.
* * * LOW HITPOINT WARNING * * *
As you read the scroll of teleportation, it crumbles to dust.
You feel strangely unstable. You block Duvessa's attack. The iguana bites you.
* * * LOW HITPOINT WARNING * * *
You block Duvessa's attack.
Duvessa is distracted by your dazzling golden aura.
Duvessa is no longer distracted by gold.
Duvessa hits you with a +0 short sword.
* * * LOW HITPOINT WARNING * * *
Your surroundings seem slightly different.
You feel better.
You feel very mighty all of a sudden.
You slash Duvessa!
Duvessa is heavily wounded.
Duvessa hits you with a +0 short sword!
* * * LOW HITPOINT WARNING * * *
You block Duvessa's attack.
You slice Duvessa!!
Duvessa is almost dead.
You hit the iguana. You block Duvessa's attack.
The iguana bites you but does no damage.
Duvessa hits you with a +0 short sword!
You die...
Your body crumbles into a pile of gold.

##################
.......(............#
.......(............#
.............(......#
.........$..........#
....................####
.............#######....
........l....# #....
.......@e..(.# #....
##.........(.# #....
#######.....# #..).
#.....# #..). #.....#
###[# #.....########...
#.....#.....##...
.....+......'...
##########.....#...


You could see Duvessa (berserk) and an iguana.

Vanquished Creatures
  Sigmund (D:4)
  2 black bears
  2 necrophages
  6 ogres
  Blork the orc (D:6)
  A bullfrog (D:6)
  2 scorpions
  Dowan (D:6)
  4 hounds
  2 bullfrog skeletons
  A gnoll shaman (D:6)
  An orc priest (D:3)
  A jelly (D:4)
  Ijyb (D:4)
  2 orc wizards (D:4)
  A hound skeleton (D:4)
  7 gnolls (D:6)
  7 adders
  An ufetubus (D:5)
  A worm (D:2)
  3 dart slugs
  11 orcs
  10 ball pythons
  12 bats
  8 endoplasms
  3 giant cockroaches
  9 hobgoblins
  2 jackals (D:4)
  2 quokkas (D:3)
  3 frilled lizards
  10 goblins
  9 kobolds
  8 rats
135 creatures vanquished.

Notes
Turn   | Place    | Note
-------+----------+-------------------------------------------
     0 | D:1      | Decritt the Minotaur Fighter began the quest for the Orb.
     0 | D:1      | Reached XP level 1. HP: 19/19 MP: 0/0
   114 | D:1      | Reached XP level 2. HP: 27/27 MP: 1/1
   126 | D:1      | Reached skill level 4 in Fighting
   452 | D:1      | Reached XP level 3. HP: 28/33 MP: 2/2
  1017 | D:2      | Found Zempygia's Armour Emporium.
  1072 | D:2      | Reached XP level 4. HP: 35/41 MP: 3/3
  1675 | D:2      | Found a faded altar of an unknown god.
  1831 | D:3      | Reached skill level 1 in Dodging
  1831 | D:3      | Reached XP level 5. HP: 44/47 MP: 4/4
  1832 | D:3      | Reached skill level 5 in Fighting
  2216 | D:4      | Noticed GenialerGandalf's ghost (amateur OpFi)
  2222 | D:4      | Found a transporter.
  2229 | D:4      | Noticed Ijyb
  2245 | D:4      | Killed Ijyb
  2571 | D:4      | Found a transporter.
  2686 | D:4      | Reached XP level 6. HP: 50/56 MP: 5/5
  2754 | D:4      | Found a shimmering blue altar of Sif Muna.
  2817 | D:4      | Noticed Sigmund
  2840 | D:4      | Killed Sigmund
  2841 | D:4      | Reached skill level 6 in Fighting
  2841 | D:4      | Reached skill level 5 in Axes
  2841 | D:4      | Reached skill level 5 in Armour
  2841 | D:4      | Reached XP level 7. HP: 38/63 MP: 6/6
  3180 | D:4      | Reached skill level 5 in Shields
  3373 | D:4      | Found a burning altar of Makhleb.
  3511 | D:5      | Entered Level 5 of the Dungeon
  3528 | D:4      | Found a blossoming altar of Fedhas.
  3531 | D:4      | Found a sacrificial altar of Ru.
  3947 | D:5      | Found a staircase to the Ecumenical Temple.
  3957 | Temple   | Entered the Ecumenical Temple
  4023 | Temple   | Became a worshipper of Gozag Ym Sagoz the Greedy
  4690 | D:5      | Reached skill level 1 in Throwing
  4936 | D:5      | Reached skill level 7 in Fighting
  4936 | D:5      | Reached XP level 8. HP: 73/73 MP: 7/7
  6220 | D:6      | Found a runed translucent gate.
  6220 | D:6      | Found a runed translucent gate.
  6220 | D:6      | Found a runed translucent gate.
  6220 | D:6      | Noticed bgiannan's ghost (novice MiFi)
  6254 | D:6      | Noticed Blork the orc
  6261 | D:6      | Killed Blork the orc
  6262 | D:6      | Reached skill level 8 in Fighting
  6298 | D:6      | Noticed Dowan
  6299 | D:6      | Noticed Duvessa
  6304 | D:6      | Killed Dowan
  6310 | D:6      | HP: 2/74 [iguana (4)]
  6317 | D:6      | HP: 1/74 [Duvessa (12)]
  6318 | D:6      | Mangled by Duvessa

Illustrated notes

Levels and vault maps discovered:
D:1:      elethiomel_arrival_infinity_welcomes_careful_drivers, layout_rooms
D:2:      layout_loops_ring, hellmonk_ecumenical_altar_inner_sanctum,
          serial_shops, shop, kennysheep_small_spiral,
          kennysheep_generic_room_11
D:3:      layout_rooms
D:4:      layout_loops_corners, mainiacjoe_overflow_catwalk,
          nicolae_overflow_hidden_temple, gammafunk_ghost_arena, uniq_sigmund,
          uniq_ijyb
D:5:      layout_layer_cave, minmay_temple_entry_slanted
D:6:      layout_gridville, kennysheep_mini_moat, ebering_ghost_rock_garden,
          uniq_blork_the_orc, uniq_duvessa
Temple:   dshaligram_water_room_temple

Skill      XL: |  1  2  3  4  5  6  7  8 |
---------------+-------------------------+-----
Fighting       | 4 5 6 7 8 |  8.2
Axes           | 3 4 5 6 7 |  7.7
Armour         | 4 5 6 |  6.2
Shields        | 4 5 6 |  6.1
Dodging        | 1 2 3 4 |  4.0
Throwing       | 1 2 |  2.6

Action                   |  1- 3 |  4- 6 |  7- 9 || total
-------------------------+-------+-------+-------++-------
Melee: War axe           |    86 |    93 |    68 ||   247
       Headbutt          |     8 |    19 |    16 ||    43
       Flail             |       |       |    17 ||    17
       Broad axe         |       |       |    10 ||    10
Throw: Dart              |       |    35 |    89 ||   124
  Use: Scroll            |       |       |    10 ||    10
       Potion            |       |       |     2 ||     2
Armor: Scale mail        |    56 |    44 |    34 ||   134
Dodge: Dodged            |    40 |    41 |    44 ||   125
Block: Buckler           |    23 |    26 |     8 ||    57
       Kite shield       |       |       |    91 ||    91

Table legend: (Time is in decaauts)
 A = Elapsed time spent in this place.
 B = Non-inter-level travel time spent in this place.
 C = Inter-level travel time spent in this place.
 D = Time resting spent in this place.
 E = Time spent auto-exploring this place.
 F = Levels seen in this place.
 G = Mean time per level.
                   A        B        C        D        E       F      G
               +--------+--------+--------+--------+--------+-----+--------+
         Total |   6414 |   6184 |    230 |   1118 |   4042 |   7 |  916.3 |
       Dungeon |   6327 |   6117 |    210 |   1118 |   3994 |   6 | 1054.5 |
        Temple |     86 |     66 |     20 |      0 |     48 |   1 |   86.0 |
               +--------+--------+--------+--------+--------+-----+--------+

Top non-repeatable levels by time:
     D:4: 1560 daAuts
     D:5: 1537 daAuts
     D:6: 1066 daAuts
     D:2: 1016 daAuts
     D:1: 722 daAuts
     D:3: 423 daAuts
  Temple: 86 daAuts
